 Dungeon Crawl Stone Soup version 0.25.0-9-g26727b657a (webtiles) character file.

Game seed: 5410251823199403993

2683 vurker the Fanfare of Bloodshed (level 9, -8/73 (75) HPs)
             Began as a Ghoul Monk on June 20, 2020.
             Was a Believer of Makhleb.
             Shot with an arrow by a centaur warrior (11 damage)
             ... on level 12 of the Dungeon.
             The game lasted 00:11:55 (9465 turns).

vurker the Fanfare of Bloodshed (Ghoul Monk)        Turns: 9465, Time: 00:11:56

HP:   -8/73 (75)    AC: 10    Str: 18    XL:     9   Next: 64%
MP:   14/14         EV: 13    Int:  5    God:    Makhleb [**....]
Gold: 266           SH:  0    Dex: 11    Spells: 8/8 levels left

rFire    . . .     SeeInvis .     - Unarmed
rCold    + + .     Gourm    .   (no shield)
rNeg     + + +     Faith    .   p - +1 leather armour {rC+}
rPois    ∞         Spirit   .   l - +0 helmet
rElec    .         Reflect  .   c - +0 cloak
rCorr    .         Harm     .   i - +2 pair of gloves
MR       .....                  (no boots)
Stlth    ++........             (no amulet)
HPRegen  0.00/turn              (no ring)
MPRegen  0.14/turn              (no ring)

@: marked, rotting, studying Dodging
A: rotting body, claws 1, carnivore, cold resistance 1, negative energy
resistance 3, inhibited regeneration, torment resistance, unbreathing
a: Minor Destruction, Renounce Religion


You were on level 12 of the Dungeon.
You worshipped Makhleb.
Makhleb was pleased with you.
You were very hungry.

You visited 2 branches of the dungeon, and saw 11 of its levels.

You collected 391 gold pieces.
You spent 125 gold pieces at shops.

Inventory:

Missiles
 k - 2 throwing nets (quivered)
Armour
 c - a +0 cloak (worn)
   (You found it on level 2 of the Dungeon)
 i - a +2 pair of gloves (worn)
   (You found it on level 5 of the Dungeon)
 l - a +0 helmet (worn)
   (You found it on level 2 of the Dungeon)
 p - a +1 leather armour of cold resistance (worn)
   (You took it off Eustachio on level 4 of the Dungeon)
Wands
 a - a wand of enslavement (17)
   (You bought it in a shop on level 4 of the Dungeon)
 t - a wand of flame (13)
   (You found it on level 8 of the Dungeon)
Scrolls
 d - a scroll of identify
 g - a scroll of magic mapping
 h - 4 scrolls of remove curse
 j - 2 scrolls of fear
Potions
 f - a potion of haste {unknown}
 m - 2 potions of curing {unknown}
 n - 2 potions of heal wounds
Books
 b - a manual of Dodging
   (You acquired it on level 8 of the Dungeon)
Comestibles
 e - 10 rations


   Skills:
 + Level 5.9 Fighting
 + Level 3.9 Armour
 - Level 5.0 Dodging
 - Level 2.1 Stealth
 * Level 7.8 Unarmed Combat
 * Level 8.5 Invocations


You had 8 spell levels left.
You didn't know any spells.
Your spell library was empty.

Dungeon Overview and Level Annotations

Branches:
Dungeon (9/15)             Temple (1/1) D:5
   Lair: D:8-11         Orc: D:9-12

Altars:
Ashenzari
Dithmenos
Fedhas
Hepliaklqana
Kikubaaqudgha
Makhleb
Nemelex Xobeh
Okawaru
Qazlal
Trog
Vehumet
Xom
Yredelemnul
Zin
The Shining One

Shops:
D:4 *

Annotations:
D:4 3 runed translucent doors, p0werm0de's ghost, veteran DDFi
D:12 Nessos


Innate Abilities, Weirdness & Mutations

Your body is rotting away.
You thrive on raw meat.
You are immune to poison.
You have sharp fingernails.
You are carnivorous and can eat meat at any time.
Your flesh is cold resistant. (rC+)
You are immune to negative energy. (rN+++)
You do not regenerate when monsters are visible.
You are immune to unholy pain and torment.
You can survive without breathing.


Message History

You hit the shadow.
Nessos blinks!
The shadow closely misses you.
Okay, then.
Okay, then.
You closely miss the shadow.
Nessos blinks!
The shadow barely misses you.
You punch the shadow!
Nessos tries to tell you a complicated story about hydras, their blood, and marriage.
Nessos blinks!
You barely miss the shadow.
Nessos blinks! x2
The shadow slips into darkness.
The shadow flickers and vanishes!
Deactivating autopickup; reactivate with Ctrl-A.
You hit something.
Nessos wields a +2 longbow of flaming.
It bursts into flame!
Nessos shoots an arrow.
Reactivating autopickup.
You feel a bit more experienced.
Nessos shoots an arrow.
The arrow misses you.
Nessos shoots an arrow.
The arrow hits you.
* * * LOW HITPOINT WARNING * * *
The arrow burns you.
* * * LOW HITPOINT WARNING * * *
An iguana comes into view.
You see here 2 arrows.
Aim: Nessos, wielding a +2 longbow of flaming, wearing a +2 centaur barding of fire resistance and quivering 3 arrows (fast)
The zap misses Nessos.
Nessos shoots an arrow.
The arrow hits you!
* * * LOW HITPOINT WARNING * * *
The arrow burns you.
* * * LOW HITPOINT WARNING * * *
Nessos pounds the earth with their hooves.
Nessos shoots an arrow.
The arrow hits you!
* * * LOW HITPOINT WARNING * * *
The arrow burns you.
* * * LOW HITPOINT WARNING * * *
Okay, then.
Okay, then.
Aim: Nessos, wielding a +2 longbow of flaming, wearing a +2 centaur barding of fire resistance and quivering an arrow (fast, chance to defeat MR: 46%) Nessos resists with some effort.
Nessos shoots an arrow.
The arrow closely misses you.
Nessos blinks!
Aim: Nessos, wielding a +2 longbow of flaming and wearing a +2 centaur barding of fire resistance (fast, chance to defeat MR: 46%) Nessos resists with some effort.
The now-empty wand crumbles to dust.
You don't have any such object.
Okay, then.
Unknown command.
Unknown command.
Aim: Nessos, wielding a +2 longbow of flaming and wearing a +2 centaur barding of fire resistance (fast, chance to defeat MR: 46%) Nessos resists with some effort.
Nessos blinks!
A centaur warrior comes into view.
Aim: Nessos, wielding a +2 longbow of flaming and wearing a +2 centaur barding of fire resistance (fast, chance to defeat MR: 46%)
The iguana resists with significant effort.
The centaur warrior wields a +0 shortbow.
The centaur warrior shoots an arrow.
The arrow hits you!
You die...

..#c ....
#l.# ##c.##
...$ #..#
..# #..#
.....###@.#
..........#
#...#/.(..#
# #...#####
##.# #. . #


You could see Nessos (fast), a centaur warrior and an iguana.

Vanquished Creatures
  Grinder (D:5)
  Eustachio (D:4)
  Duvessa (D:4)
  2 sky beasts
  2 black bears
  A phantom (D:4)
  2 centaurs
  2 ogres (D:6)
  A big kobold (D:8)
  2 bullfrogs (D:6)
  A scorpion (D:6)
  A wyvern skeleton (D:6)
  Dowan (D:4)
  3 crimson imps
  2 orc wizards (D:7)
  A centaur skeleton (D:5)
  4 hounds
  2 jellies
  A bullfrog zombie (D:5)
  3 orc priests
  An iguana (D:4)
  Ijyb (D:3)
  4 worker ants
  A hound skeleton (D:4)
  A howler monkey zombie (D:6)
  9 adders
  7 gnolls
  3 howler monkey skeletons
  A shadow imp (D:6)
  5 oozes
  3 worms
  2 dart slugs
  3 leopard geckos
  16 orcs
  2 ball pythons
  3 giant cockroaches
  6 goblins
  11 hobgoblins
  12 jackals
  10 kobolds
  4 quokkas
  10 bats
  4 frilled lizards
  13 rats
166 creatures vanquished.

Vanquished Creatures (others)
  A shadow (D:12)
1 creature vanquished.

Grand Total: 167 creatures vanquished

Notes
Turn   | Place    | Note
-------+----------+-------------------------------------------
     0 | D:1      | vurker the Ghoul Monk began the quest for the Orb.
     0 | D:1      | Reached XP level 1. HP: 19/19 MP: 0/0
   101 | D:1      | Reached XP level 2. HP: 21/26 MP: 1/1
   488 | D:1      | Reached XP level 3. HP: 23/30 MP: 2/2
   698 | D:1      | Reached skill level 1 in Armour
  1184 | D:2      | Reached XP level 4. HP: 28/40 MP: 3/3
  1502 | D:2      | Found a glowing golden altar of the Shining One.
  2532 | D:3      | Reached XP level 5. HP: 43/45 MP: 4/4
  3053 | D:3      | Noticed Ijyb
  3056 | D:3      | Paralysed by Ijyb for 3 turns
  3063 | D:3      | Killed Ijyb
  3063 | D:3      | Reached skill level 5 in Unarmed Combat
  3285 | D:4      | Noticed a phantom
  3742 | D:4      | Reached XP level 6. HP: 47/51 MP: 5/5
  3766 | D:4      | Found a shadowy altar of Dithmenos.
  3766 | D:4      | Noticed Dowan
  3783 | D:4      | Killed Dowan
  3784 | D:4      | Noticed Duvessa
  3857 | D:4      | Killed Duvessa
  4116 | D:4      | Reached XP level 7. HP: 53/60 MP: 6/6
  4121 | D:4      | Found a runed translucent gate.
  4123 | D:4      | Noticed p0werm0de's ghost (veteran DDFi)
  4127 | D:4      | Found a runed translucent gate.
  4128 | D:4      | Identified the +4 whip of the Shimmering Fulmar {drain,
                  | rPois rC+ Int+5 Stlth+}
  4404 | D:4      | Noticed Eustachio
  4417 | D:4      | Killed Eustachio
  4417 | D:4      | Reached skill level 5 in Fighting
  4560 | D:4      | Found Jucuh's Assorted Antiques.
  4567 | D:4      | Bought a scroll labeled LIANLIAMOM for 25 gold pieces
  4567 | D:4      | Bought a twisted iron wand for 100 gold pieces
  4873 | D:4      | Found a runed translucent gate.
  4959 | D:5      | Entered Level 5 of the Dungeon
  5071 | D:5      | Noticed Grinder
  5077 | D:5      | Paralysed by Grinder for 3 turns
  5402 | D:5      | Killed Grinder
  5402 | D:5      | Reached XP level 8. HP: 68/68 MP: 7/7
  5531 | D:5      | Found an iron altar of Okawaru.
  5628 | D:5      | Found a staircase to the Ecumenical Temple.
  5636 | Temple   | Entered the Ecumenical Temple
  5651 | Temple   | Became a worshipper of Makhleb the Destroyer
  5651 | Temple   | Reached * piety under Makhleb
  5651 | Temple   | Reached ** piety under Makhleb
  5964 | D:6      | Reached skill level 1 in Invocations
  6039 | D:6      | Reached skill level 2 in Invocations
  6134 | D:5      | Reached skill level 3 in Invocations
  6339 | D:6      | Reached skill level 4 in Invocations
  6470 | D:6      | Found a bloodstained altar of Trog.
  6472 | D:6      | Reached skill level 5 in Invocations
  6568 | D:6      | Reached skill level 6 in Invocations
  6758 | D:6      | Reached XP level 9. HP: 74/74 MP: 12/12
  6895 | D:6      | Found a shadowy altar of Dithmenos.
  6897 | D:6      | Found a hazy altar of Hepliaklqana.
  6897 | D:6      | Found a shimmering altar of Xom.
  6905 | D:6      | Reached skill level 7 in Invocations
  6906 | D:6      | Found a glowing golden altar of the Shining One.
  6906 | D:6      | Found a radiant altar of Vehumet.
  6906 | D:6      | Found a burning altar of Makhleb.
  6932 | D:6      | Found a sparkling altar of Nemelex Xobeh.
  7237 | D:6      | Reached skill level 8 in Invocations
  8186 | D:8      | Identified a scroll of acquirement
  8662 | D:8      | Found a stormy altar of Qazlal.
  9018 | D:8      | Found a radiant altar of Vehumet.
  9389 | D:9      | Reached skill level 5 in Dodging
  9447 | D:9      | You fall into a shaft and drop 3 floors!
  9451 | D:12     | Noticed Nessos
  9461 | D:12     | HP: 3/73 [Nessos/arrow (3)]
  9464 | D:12     | Noticed a centaur warrior
  9465 | D:12     | Shot with an arrow by a centaur warrior

Illustrated notes

Levels and vault maps discovered:
D:1:      dpeg_arrival_simpleton_a, layout_basic,
          chequers_serial_rivers_small_3, chequers_serial_rivers_large_b,
          minmay_misc_feat_tower
D:2:      layout_loops_corners, overflow_temple_1_default, first_ration
D:3:      layout_loops_cross, hangedman_decor_diamond_cutter, uniq_ijyb
D:4:      layout_loops_ring, nicolae_overflow_crystal_walls,
          gammafunk_ghost_nasty_kobolds, serial_shops,
          nicolae_shop_overgrown_old_shop, uniq_duvessa, uniq_eustachio
D:5:      layout_basic, minmay_temple_entry_hall, st_stairs_10,
          okawaru_altar_gauntlet_db, uniq_grinder
D:6:      layout_basic, trog_ov_bears_minmay, doesnt_xom_only_xom,
          nemelex_altar_shiori
D:7:      layout_cave_pods
D:8:      layout_loops_corners, lemuel_round_altar, overflow_temple_1_default
D:9:      layout_loops_corners, nicolae_gozag_seed_capital, cheibriados_altar_1,
          grunt_lair_entry_orc_guard_hut, blue_anna_alchemist
          [blue_anna_fruit_fields, blue_anna_fruit_fields], minmay_circle_x,
          uniq_prince_ribbit1, uniq_joseph
D:12:     layout_loops_ring, uniq_rupert, uniq_nessos
Temple:   eino_temple_water

Skill      XL: |  1  2  3  4  5  6  7  8  9 |
---------------+----------------------------+-----
Armour         | 1 2 3 |  3.9
Unarmed Combat | 4 5 7 |  7.8
Dodging        | 3 4 5 |  5.0
Fighting       | 4 5 |  5.9
Invocations    | 6 8 |  8.5
Stealth        | |  2.1

Action                   |  1- 3 |  4- 6 |  7- 9 || total
-------------------------+-------+-------+-------++-------
Melee: Unarmed           |    72 |   208 |   373 ||   653
       Punch             |       |     2 |    14 ||    16
Invok: Minor Destruction |       |       |     1 ||     1
Evoke: Wand              |       |       |     4 ||     4
  Use: Scroll            |       |       |    14 ||    14
 Stab: Sleeping          |     2 |     4 |     3 ||     9
  Eat: Chunk             |     5 |     6 |    16 ||    27
Armor: Robe              |    17 |    25 |     7 ||    49
       Leather armour    |       |       |   108 ||   108
Dodge: Dodged            |    58 |   120 |   241 ||   419
